 Dungeon Crawl Stone Soup version 0.31-a0-846-gb3bcc0d938 (webtiles) character file.

Game seed: 8646448758095133010

2 subawu the Ruffian (level 1, -1/17 HPs)
             Began as a Gnoll Shapeshifter on Oct 3, 2023.
             Frozen to death by an endoplasm (4 damage)
             ... on level 1 of the Dungeon.
             The game lasted 00:00:25 (95 turns).

subawu the Ruffian (Gnoll Shapeshifter)               Turns: 95, Time: 00:00:27

Health: -1/17      AC:  2    Str: 13    XL:     1   Next: 30%
Magic:  1/1        EV: 13    Int:  9    God:
Gold:   0          SH:  0    Dex: 11    Spells: 0/0 levels left

rFire   . .          .
                       - Unarmed
rCold   . . .        (no shield)
rNeg    . . .        a - +0 animal skin
rPois   .            (helmet currently unavailable)
rElec   .            (cloak currently unavailable)
rCorr   .            (gloves currently unavailable)
SInv    .            (boots currently unavailable)
Will    .....        (no amulet)
Stlth   +            (no ring)
HPRegen 0.22/turn    (no ring)
MPRegen 0.07/turn

%: no passive effects
@: beast-form
A: beast (slay +3), fangs 1, strong nose, distributed training
a: Begin Untransformation


You were on level 1 of the Dungeon.
You were a hulking beast.
You visited 1 branch of the dungeon, and saw 1 of its levels.

Inventory:

Armour
 a - a +0 animal skin (worn)
 f - a +0 scale mail
Talismans
 c - a beast talisman (active)
 d - a flux talisman
Scrolls
 e - a scroll of torment {unknown}
Potions
 b - a potion of lignification


   Skills:
 + Level 2.3 Fighting
 + Level 0.0 Short Blades
 + Level 0.0 Long Blades
 + Level 0.0 Axes
 + Level 0.0 Maces & Flails
 + Level 0.0 Polearms
 + Level 0.0 Staves
 + Level 0.0 Ranged Weapons
 + Level 0.0 Throwing
 + Level 0.0 Armour
 + Level 4.4 Dodging
 + Level 0.0 Stealth
 + Level 0.0 Shields
 + Level 6.4 Unarmed Combat
 + Level 0.0 Spellcasting
 + Level 0.0 Conjurations
 + Level 0.0 Hexes
 + Level 0.0 Summonings
 + Level 0.0 Necromancy
 + Level 0.0 Translocations
 + Level 0.0 Transmutations
 + Level 0.0 Fire Magic
 + Level 0.0 Ice Magic
 + Level 0.0 Air Magic
 + Level 0.0 Earth Magic
 + Level 0.0 Poison Magic
 + Level 0.1 Invocations
 + Level 0.0 Evocations
 + Level 6.4 Shapeshifting


You couldn't memorise any spells.
You didn't know any spells.
Your spell library was empty.

Dungeon Overview and Level Annotations

Branches:
Dungeon (1/15)

Altars:


Innate Abilities, Weirdness & Mutations

You are a hulking beast.
Your limbs bulge with bestial killing power. (Slay +3)
You have very sharp teeth.
Your uncanny sense of smell can sniff out nearby items.
Your experience applies equally to all skills.


Message History

A bat comes into view.
The bat misses you.
You closely miss the goblin. The bat misses you.
A hobgoblin comes into view.
The goblin hits you with a +0 club.
The hobgoblin shouts!
You punch the goblin!
You kill the goblin!
The bat closely misses you. The goblin misses you.
The endoplasm hits you but does no damage.
The endoplasm freezes you.
You are frozen.
The bat barely misses you.
Things that are here:
a +0 club; a goblin corpse The goblin attacks as it pursues you!
The goblin hits you but does no damage. The endoplasm closely misses you.
The bat misses you. x2
The goblin barely misses you. The bat hits you but does no damage.
The bat closely misses you. The endoplasm barely misses you.
You see here a +0 scale mail.
f - a +0 scale mail The bat barely misses you.
The endoplasm freezes you.
You are frozen.
The hobgoblin barely misses you. The endoplasm freezes you.
You are frozen.
You stop removing your armour.
The hobgoblin hits you. The endoplasm barely misses you.
The goblin closely misses you. The hobgoblin hits you.
You start removing your armour.
You continue taking off your +0 animal skin.
The endoplasm freezes you.
You are frozen.
* * * LOW HITPOINT WARNING * * *
The goblin hits you but does no damage. The hobgoblin hits you.
* * * LOW HITPOINT WARNING * * *
You continue taking off your +0 animal skin.
The goblin hits you but does no damage. The endoplasm freezes you.
You are frozen.
You die...

########## ##
#........# ...
#........#
#.##........#
##..........#
........g...#
#...bgh..#
#....J...#
###...)...##
##.........####
...#....####..#
##...#..$.....#
...#....#....##
..........####
....#.#.###


You could see an endoplasm, a hobgoblin, a goblin and a bat.

Vanquished Creatures
  A goblin (D:1)
  A rat (D:1)
2 creatures vanquished.

Notes
Turn   | Place    | Note
-------+----------+-------------------------------------------
     0 | D:1      | subawu the Gnoll Shapeshifter began the quest for the Orb.
     0 | D:1      | Reached XP level 1. HP: 17/17 MP: 1/1
    95 | D:1      | Frozen to death by an endoplasm

Illustrated notes

Levels and vault maps discovered:
D:1:      dpeg_arrival_signposts, layout_rooms

Action                     || total
---------------------------++-------
  Melee: Unarmed           ||     6
         Bite              ||     1
 Armour: Animal skin       ||    11
  Dodge: Dodged            ||    16

Table legend: (Time is in decaauts)
 A = Elapsed time spent in this place.
 B = Non-inter-level travel time spent in this place.
 C = Inter-level travel time spent in this place.
 D = Time resting spent in this place.
 E = Time spent auto-exploring this place.
 F = Levels seen in this place.
 G = Mean time per level.
                   A        B        C        D        E       F      G
               +--------+--------+--------+--------+--------+-----+--------+
         Total |     94 |     94 |      0 |      0 |     63 |   1 |   94.0 |
       Dungeon |     94 |     94 |      0 |      0 |     63 |   1 |   94.0 |
               +--------+--------+--------+--------+--------+-----+--------+

Top non-repeatable levels by time:
     D:1: 94 daAuts
